 Dungeon Sprint DCSS version 0.21-a0-297-ga3d34c2 (webtiles) character file.

8892 Kidiri the Protected (level 11, -1/110 HPs)
             Began as a Minotaur Fighter on Sept 28, 2017.
             Was a High Priest of Okawaru.
             Slain by an orc knight
             ... wielding a +1 dire flail of holy wrath
              (33 damage)
             ... in the Dungeon (Sprint IX: "|||||||||||||||||||||||||||||").
             The game lasted 00:07:05 (2071 turns).

Kidiri the Protected (Minotaur Fighter)             Turns: 2071, Time: 00:07:05

Health: -1/110     AC: 20    Str: 25    XL:     11   Next: 15%
Magic:  9/16       EV: 18    Int:  5    God:    Okawaru [*****.]
Gold:   1262       SH: 17    Dex: 12    Spells: 10/10 levels left

rFire    . . .     SeeInvis .   a - +0 flail
rCold    . . .     Gourm    .   c - +1 shield
rNeg     . . .     Faith    .   s - +1 chain mail
rPois    .         Spirit   .   (helmet restricted)
rElec    .         Reflect  .   (no cloak)
rCorr    .         Harm     .   r - +1 pair of gloves
MR       .....     NoTele   +   y - +0 pair of boots
Stlth    ..........             (no amulet)
HPRegen  0.28/turn              b - +2 ring of evasion
MPRegen  0.15/turn              t - +3 ring of strength

@: heroism
A: retaliatory headbutt, horns 2
a: Heroism, Finesse, Renounce Religion


You were in the Dungeon.
You worshipped Okawaru.
Okawaru was extremely pleased with you.
You were not hungry.

You visited 1 branch You collected 1262 gold pieces.

Inventory:

Hand Weapons
 a - a +0 flail (weapon)
Missiles
 l - 4 stones (quivered)
 u - 2 throwing nets
 w - 7 needles of sleeping
Armour
 c - a +1 shield (worn)
 r - a +1 pair of gloves (worn)
 s - a +1 chain mail (worn)
 y - a +0 pair of boots (worn)
Jewellery
 b - a +2 ring of evasion (left hand)
 t - a +3 ring of strength (right hand)
Wands
 q - a wand of iceblast (7/15)
Scrolls
 k - 2 scrolls of blinking
 o - 4 scrolls of remove curse
 p - 2 scrolls of amnesia
 x - 2 scrolls of recharging
Potions
 d - 2 potions of might
 e - a potion of invisibility
 g - 6 potions of heal wounds
 h - a potion of haste
 i - 4 potions of magic
 j - a potion of resistance
 n - 5 potions of curing
Comestibles
 f - 13 bread rations
 m - a royal jelly
 v - 40 fruits
 z - 17 chunks of flesh
 B - 12 meat rations


   Skills:
 * Level 14.1(19.1) Fighting
 * Level 13.9(18.9) Maces & Flails
 + Level 8.5(13.5) Throwing
 * Level 14.2(19.2) Armour
 + Level 9.1(14.1) Dodging
 * Level 14.1(19.1) Shields
 + Level 8.2 Invocations


You had 10 spell levels left.
You didn't know any spells.

Dungeon Overview and Level Annotations

Branches:
Dungeon (1/1)

Altars:
Cheibriados
Dithmenos
Elyvilon
Fedhas
Gozag
Hepliaklqana
Kikubaaqudgha
Makhleb
Nemelex Xobeh
Okawaru
Qazlal
Ru
Sif Muna
Trog
Uskayaw
Vehumet
Wu Jian
Xom
Yredelemnul
Zin
The Shining One
Beogh
Jiyva
Lugonu

Shops:
D *}:%


Innate Abilities, Weirdness & Mutations

You reflexively headbutt those who attack you in melee.
You have a pair of horns on your head.


Message History

An orc knight comes into view. It is wielding a war axe.
You gain the combat prowess of a mighty hero.
The orc knight shouts!
You block the orc knight's attack.
Unknown command.
You bludgeon the orc knight!!
The orc knight is heavily wounded.
You hit the orc knight but do no damage.
Your headbutt misses the orc knight.
The orc knight is heavily wounded.
Your hands slow down.
The orc knight hits you with a dire flail of holy wrath!!
* * * LOW HITPOINT WARNING * * *
You barely miss the orc knight.
The orc knight is heavily wounded.
Unknown command.
You barely miss the orc knight.
The orc knight is heavily wounded.
The orc knight hits you with a dire flail of holy wrath!!
You die...

▓.▓.▓.▓.▓
▓.▓.▓.▓.▓.▓
▓.▓.▓'▓.▓.▓
▓o▓.▓.▓.▓.▓
▓o▓.▓.▓.▓)▓
▓o▓.▓:▓.▓'▓
▓o▓.▓[▓.▓.▓
▓o▓.▓.▓.▓.▓
▓@▓.▓.▓.▓[▓
▓.▓.▓.▓.▓[▓
▓∩▓.▓.▓.▓.▓
▓$▓.▓.▓.▓)▓
▓)▓.▓.▓.▓|▓
▓(▓.▓.▓.▓.▓
▓)▓.▓.▓.▓.▓
▓)▓.▓!▓.▓'▓
▓)▓.▓.▓.▓_▓


You could see 4 orc knights and an orc warrior.

Vanquished Creatures
  Harold (D)
  A centaur warrior (D)
  5 orc knights (D)
  A komodo dragon (D)
  A spiny frog (D)
  A rime drake (D)
  A troll (D)
  2 hippogriffs (D)
  A blink frog (D)
  A yak (D)
  A shadow (D)
  2 basilisks (D)
  4 vampire mosquitoes (D)
  A soldier ant (D)
  6 water moccasins (D)
  2 porcupines (D)
  11 orc warriors (D)
  An ice beast (D)
  A crocodile (D)
  5 bullfrogs (D)
  A jelly (D)
  4 orc priests (D)
  3 orc wizards (D)
  A worker ant (D)
  An adder (D)
  A shadow imp (D)
  A leopard gecko (D)
  13 orcs (D)
  2 bat skeletons (D)
  A giant cockroach (D)
  A kobold (D)
  A quokka (D)
  A ball python (D)
  A bat (D)
  A frilled lizard (D)
82 creatures vanquished.

Notes
Turn   | Place    | Note
-------+----------+-------------------------------------------
     0 | D        | Kidiri the Minotaur Fighter began the quest for the Orb.
     0 | D        | Reached XP level 1. HP: 19/19 MP: 0/0
   142 | D        | Noticed a jelly
   153 | D        | Killed a jelly
   153 | D        | Reached skill level 5 in Fighting
   153 | D        | Reached skill level 1 in Throwing
   153 | D        | Reached skill level 1 in Dodging
   153 | D        | Reached XP level 2. HP: 19/29 MP: 1/1
   153 | D        | Reached XP level 3. HP: 24/36 MP: 2/2
   164 | D        | Reached skill level 5 in Armour
   164 | D        | Reached skill level 5 in Shields
   205 | D        | Found a roughly hewn altar of Beogh.
   205 | D        | Found a snail-covered altar of Cheibriados.
   205 | D        | Found a shadowy altar of Dithmenos.
   205 | D        | Found a white marble altar of Elyvilon.
   205 | D        | Found a blossoming altar of Fedhas.
   205 | D        | Found an opulent altar of Gozag.
   206 | D        | Found a hazy altar of Hepliaklqana.
   207 | D        | Found a viscous altar of Jiyva.
   208 | D        | Found an ancient bone altar of Kikubaaqudgha.
   209 | D        | Found a corrupted altar of Lugonu.
   210 | D        | Found a burning altar of Makhleb.
   211 | D        | Found a sparkling altar of Nemelex Xobeh.
   212 | D        | Found an iron altar of Okawaru.
   213 | D        | Found a stormy altar of Qazlal.
   214 | D        | Found a sacrificial altar of Ru.
   215 | D        | Found a deep blue altar of Sif Muna.
   216 | D        | Found a bloodstained altar of Trog.
   217 | D        | Found a hide-covered altar of Uskayaw.
   218 | D        | Found a radiant altar of Vehumet.
   219 | D        | Found an ornate altar of the Wu Jian Council.
   220 | D        | Became a worshipper of Warmaster Okawaru
   221 | D        | Found a shimmering altar of Xom.
   222 | D        | Found a basalt altar of Yredelemnul.
   223 | D        | Found a glowing silver altar of Zin.
   224 | D        | Found a glowing golden altar of the Shining One.
   380 | D        | Noticed a troll
   380 | D        | Noticed a water moccasin
   380 | D        | Noticed an ice beast
   385 | D        | Killed an ice beast
   385 | D        | Reached skill level 5 in Maces & Flails
   385 | D        | Reached skill level 1 in Invocations
   385 | D        | Reached XP level 4. HP: 28/45 MP: 2/4
   385 | D        | Reached XP level 5. HP: 32/51 MP: 2/5
   401 | D        | Killed a water moccasin
   401 | D        | Reached * piety under Okawaru
   404 | D        | Killed a troll
   404 | D        | Reached ** piety under Okawaru
   404 | D        | Reached XP level 6. HP: 31/62 MP: 3/7
   601 | D        | Noticed a centaur warrior
   601 | D        | Noticed a soldier ant
   601 | D        | Noticed a shadow
   609 | D        | Killed a shadow
   609 | D        | Reached XP level 7. HP: 68/70 MP: 5/9
   615 | D        | Reached skill level 5 in Dodging
   623 | D        | Killed a centaur warrior
   623 | D        | Reached skill level 10 in Fighting
   623 | D        | Reached skill level 10 in Maces & Flails
   623 | D        | Reached skill level 5 in Throwing
   623 | D        | Reached skill level 10 in Armour
   623 | D        | Reached skill level 10 in Shields
   623 | D        | Reached skill level 5 in Invocations
   623 | D        | Reached XP level 8. HP: 75/80 MP: 6/10
   768 | D        | Noticed Harold
   790 | D        | Killed Harold
   790 | D        | Reached *** piety under Okawaru
   790 | D        | Reached XP level 9. HP: 68/89 MP: 9/12
   929 | D        | Identified the Compendium of Air and the Escort (You found it in the Dungeon)
   943 | D        | Noticed a komodo dragon
   957 | D        | Killed a komodo dragon
   957 | D        | Reached **** piety under Okawaru
   984 | D        | Received a gift from Okawaru
  1313 | D        | Noticed a rime drake
  1333 | D        | Killed a rime drake
  1333 | D        | Reached XP level 10. HP: 95/99 MP: 11/14
  1444 | D        | Noticed a spiny frog
  1461 | D        | Reached ***** piety under Okawaru
  1465 | D        | Killed a spiny frog
  1731 | D        | Noticed an orc knight
  1756 | D        | Killed an orc knight
  1756 | D        | Received a gift from Okawaru
  1899 | D        | Noticed an orc knight
  1928 | D        | Killed an orc knight
  2009 | D        | Found Nyom's Food Boutique.
  2009 | D        | Noticed an orc knight
  2009 | D        | Noticed an orc knight
  2019 | D        | Killed an orc knight
  2025 | D        | Killed an orc knight
  2025 | D        | Reached XP level 11. HP: 108/108 MP: 8/16
  2029 | D        | Found Mubiv's Book Shop.
  2040 | D        | Found Idehuji's Gadget Boutique.
  2045 | D        | Received a gift from Okawaru
  2049 | D        | Noticed an orc knight
  2050 | D        | Found Gappefig's Assorted Antiques.
  2051 | D        | Noticed an orc knight
  2052 | D        | Noticed an orc knight
  2053 | D        | Noticed an orc knight
  2060 | D        | Killed an orc knight
  2067 | D        | Noticed an orc knight
  2071 | D        | Slain by an orc knight

Vault maps used:
D:        linesprint

Skill      XL: |  1  2  3  4  5  6  7  8  9 10 11 |
---------------+----------------------------------+-----
Fighting       | 5 6 8 9 10 11 12 13 14 | 14.1
Armour         | 4 6 8 10 11 12 13 14 | 14.2
Maces & Flails | 4 5 8 10 12 13 | 13.9
Shields        | 4 6 8 9 10 11 12 13 14 | 14.1
Throwing       | 1 2 4 5 6 7 8 |  8.5
Dodging        | 1 2 4 5 6 7 8 9 |  9.1
Invocations    | 1 3 4 5 6 8 |  8.2

Action                   |  1- 3 |  4- 6 |  7- 9 | 10-12 || total
-------------------------+-------+-------+-------+-------++-------
Melee: Flail             |    44 |    27 |   102 |   176 ||   349
       Headbutt          |     8 |     8 |    21 |    56 ||    93
Invok: Heroism           |       |     1 |     4 |     7 ||    12
       Finesse           |       |       |       |     3 ||     3
  Use: Potion            |     1 |     1 |       |     1 ||     3
       Scroll            |       |       |     2 |     1 ||     3
  Eat: Chunk             |       |       |     1 |     3 ||     4
Armor: Scale mail        |    12 |       |       |       ||    12
       Chain mail        |     1 |     8 |    35 |    17 ||    61
Dodge: Dodged            |    14 |     6 |    20 |    23 ||    63
Block: Shield            |    20 |    16 |    43 |    42 ||   121

Table legend:
 A = Spawn XP
 B = Non-spawn XP
 C = Spawn XP percentage of total XP
 D = Spawn monster count
 E = Non-spawn monster count
 F = Spawn count percentage of total count
 G = Total turns spent on level
                    A         B        C        D         E        F      G
               +---------+---------+-------+---------+---------+-------+---------
         Total |       0 |   12703 |   0.0 |       0 |      82 |   0.0 |  2071
               +---------+---------+-------+---------+---------+-------+---------
             D |       0 |   12703 |   0.0 |       0 |      82 |   0.0 |  2071
               +---------+---------+-------+---------+---------+-------+---------
